 Dungeon Crawl Stone Soup version 0.26-a0-259-g1effd001a9 (webtiles) character file.

Game seed: 505361680399986108

13241 buskinjo the Destroyer (level 12, -3/74 HPs)
             Began as an Octopode Fire Elementalist on July 14, 2020.
             Was an Initiate of Gozag.
             Slain by a four-headed hydra (16 damage)
             ... on level 1 of the Lair of Beasts.
             The game lasted 00:24:47 (14882 turns).

buskinjo the Destroyer (OpFE)                      Turns: 14882, Time: 00:24:47

Health: -3/74      AC:  5    Str: 13    XL:     12   Next: 3%
Magic:  8/32       EV: 15    Int: 21    God:    Gozag
Gold:   1025       SH:  0    Dex: 14    Spells: 15/25 levels left

rFire    . . .     SeeInvis .   b - +7 whip (elec)
rCold    . . .     Faith    .   (no shield)
rNeg     . . .     Spirit   .   (helmet restricted)
rPois    +         Reflect  .   q - amulet of regeneration
rElec    .         Harm     .   m - +6 ring of strength
rCorr    .                      s - +4 ring of protection
MR       .....                  t - ring of stealth
Stlth    ++++++....             C - ring of poison resistance
HPRegen  0.62/turn              R - ring of magical power
MPRegen  0.23/turn              (no ring)
                                (no ring)
                                (no ring)

@: no status effects
A: almost no armour, stealthy swim, amphibious, 8 rings, constrict 8, camouflage
1, gelatinous body 1
a: Potion Petition, Call Merchant, Bribe Branch, Renounce Religion


You were on level 1 of the Lair of Beasts.
You worshipped Gozag.
Gozag was most pleased with you.
You were not hungry.

You visited 2 branches of the dungeon, and saw 13 of its levels.

You collected 2387 gold pieces.
You spent 1320 gold pieces at shops.
You paid 42 gold pieces to Gozag.

Inventory:

Hand Weapons
 a - a +4 long sword
 b - a +7 whip of electrocution (weapon)
 L - a +0 scimitar of flaming
Missiles
 g - 404 stones (quivered)
 v - 2 throwing nets
Jewellery
 d - an uncursed amulet of guardian spirit
 m - a +6 ring of strength (left tentacle)
 q - an amulet of regeneration (around mantle)
 s - a +4 ring of protection (right tentacle)
 t - a ring of stealth (on tentacle)
 y - an uncursed amulet of the acrobat
 C - a ring of poison resistance (on tentacle)
 R - a ring of magical power (on tentacle)
Wands
 B - a wand of iceblast (6)
 G - a wand of disintegration (3)
 H - a wand of clouds (1)
 J - a wand of paralysis (19)
 M - a wand of polymorph (7)
Scrolls
 f - 2 scrolls of remove curse
 h - 4 scrolls of teleportation
 j - a scroll of fear
 k - a scroll of magic mapping
 l - 4 scrolls of immolation
 o - 2 scrolls of blinking
 r - 3 scrolls of amnesia
 u - 7 scrolls of identify
 w - 4 scrolls of enchant armour
 z - a scroll of enchant weapon
 E - a scroll of fog
 U - a scroll of brand weapon {unknown}
Potions
 c - 3 potions of mutation
 e - 2 potions of haste
 i - 5 potions of might
 n - 2 potions of cancellation
 p - 6 potions of curing
 x - a potion of stabbing
 A - a potion of flight
 D - 2 potions of invisibility
 F - 3 potions of brilliance
 I - 2 potions of ambrosia
 K - a potion of resistance
 O - a potion of heal wounds
 S - 2 potions of lignification
Miscellaneous
 P - a box of beasts
 Q - a phial of floods
 T - a phantom mirror
Comestibles
 N - 33 rations


   Skills:
 - Level 4.1 Fighting
 - Level 4.1 Maces & Flails
 + Level 4.3 Dodging
 - Level 7.5 Stealth
 - Level 7.3 Spellcasting
 - Level 10.1 Conjurations
 - Level 10.1 Fire Magic
 - Level 6.4 Evocations


You had 15 spell levels left.
You knew the following spells:

 Your Spells              Type           Power        Failure   Level
a - Foxfire               Conj/Fire      ####         1%          1
b - Sticky Flame          Conj/Fire      ######..     1%          4
c - Fireball              Conj/Fire      ######....   3%          5

Your spell library contained the following spells:

 Spells                   Type           Power        Failure   Level
 Conjure Flame            Conj/Fire      ######..     1%          3
 Inner Flame              Hex/Fire       ####....     3%          3
 Beastly Appendage        Tmut           #.....       9%          1
 Infusion                 Chrm           #...         9%          1
 Shroud of Golubria       Chrm/Tloc      #.....       13%         2
 Song of Slaying          Chrm           #.......     13%         2
 Sticks to Snakes         Tmut           #.......     13%         2
 Confusing Touch          Hex            #.......     26%         3
 Gell's Gravitas          Tloc           #.........   26%         3
 Ozocubu's Armour         Chrm/Ice       #.......     26%         3
 Spectral Weapon          Hex/Chrm       #.......     26%         3
 Spider Form              Tmut/Pois      #.........   26%         3
 Ice Form                 Ice/Tmut       #.......     63%         4
 Petrify                  Tmut/Erth      #.......     63%         4
 Blade Hands              Tmut           #.........   93%         5
 Metabolic Englaciation   Hex/Ice        #.........   93%         5
 Yara's Violent Unravell  Hex/Tmut       #.........   93%         5


Dungeon Overview and Level Annotations

Branches:
Dungeon (12/15)            Temple (0/1) D:4            Lair (1/6) D:10
    Orc (0/2) D:11

Altars:
Cheibriados
Elyvilon
Gozag
Hepliaklqana
Nemelex Xobeh
Okawaru
Ru
Trog
Uskayaw
Vehumet
Yredelemnul
Zin
The Shining One

Shops:
D:5 (   D:10 }   D:11 [

Annotations:
D:11 3 runed translucent doors, Aliaxzyxt's ghost, journeyman DrCj
D:12 Azrael


Innate Abilities, Weirdness & Mutations

You cannot wear most types of armour.
You are very stealthy in the water. (Stealth+)
You are amphibious.
You can wear up to eight rings at the same time.
You can use your tentacles to constrict eight enemies at once.
Your skin changes colour to match your surroundings (Stealth+).
Your rubbery body absorbs attacks. (AC +1, EV +1)


Message History

Confirm with . or Enter, or press ? or * to list all spells.
Aiming: Sticky Flame (dangerous; 1% risk of failure)
Press: ? - help, Shift-Dir - straight line, f/p - four-headed hydra
Aim: a four-headed hydra (moderately wounded)
The sticky flame hits the four-headed hydra.
The four-headed hydra is heavily wounded.
The four-headed hydra is covered in liquid flames!
The four-headed hydra burns!
The four-headed hydra completely misses you.
The four-headed hydra barely misses you. x2
The four-headed hydra bites you!
The four-headed hydra burns!
The four-headed hydra burns!
The four-headed hydra burns!
The four-headed hydra burns!
The four-headed hydra stops burning.
The four-headed hydra bites you! x3
* * * LOW HITPOINT WARNING * * *
The four-headed hydra bites you!
You die...
Your body crumbles into a pile of gold.

##.......# ##.#.###..# ##
#..####### ##.#.###..#
.######.# ##### #.........##
..P##...#####...## #..........#
)<.......##......###.........##
.P##.......^..................#
.###.....##......###.......####
.####..........D.###.......#
..# #...###....#@##....P...#
..###...#####..#..####P.P####
......##.####...............#
[.....#.[...#...........###.#
...#....#......P..###.### #.#
..##..##..#.####.## ### #.#
..##..##..#..###.# #.#
#.#...###......#.# #.##
#..#..###........# ##..#


You could see a four-headed hydra.

Vanquished Creatures
  Harold (D:9)
  Erica (D:8)
  A two-headed ogre (D:11)
  3 skeletal warriors (D:11)
  Pikel (D:9)
  An oklob plant (Lair:1)
  A centaur skeleton (D:11)
  A cane toad (Lair:1)
  2 komodo dragons (Lair:1)
  A troll (D:11)
  Prince Ribbit (D:6)
  4 hippogriffs
  5 blink frogs (Lair:1)
  Sigmund (D:4)
  A wyvern (D:11)
  A basilisk (Lair:1)
  3 vampire mosquitoes (D:11)
  Menkaure (D:4)
  2 water moccasins (Lair:1)
  A porcupine (Lair:1)
  3 orc warriors
  4 phantoms
  A sky beast (D:11)
  3 centaurs
  5 ogres
  A lemure (D:9)
  A big kobold (D:9)
  7 bullfrogs
  A wyvern skeleton (D:11)
  2 scorpions (D:6)
  7 killer bees (D:9)
  4 wights
  14 howler monkeys
  3 bullfrog zombies
  3 bullfrog skeletons
  11 orc wizards
  4 orc priests
  A hound (D:10)
  3 jellies
  5 worker ants
  2 iguanas
  A killer bee zombie (D:8)
  A hound skeleton (D:6)
  A worker ant zombie (D:11)
  A howler monkey skeleton (D:6)
  14 adders
  2 white imps (D:5)
  An ufetubus (D:8)
  3 oozes
  An adder skeleton (D:6)
  3 worms (D:2)
  12 leopard geckos
  45 orcs
  A ball python (D:1)
  7 bats
  2 giant cockroaches
  3 goblins
  11 hobgoblins
  20 jackals
  4 quokkas
  5 frilled lizards
  A giant cockroach zombie (D:5)
  A jackal skeleton (D:4)
  10 kobolds
  A leopard gecko zombie (D:8)
  A quokka skeleton (D:7)
  A quokka zombie (D:5)
  7 rats
  2 plants (Lair:1)
280 creatures vanquished.

Vanquished Creatures (others)
  A jelly (D:11)
  283 foxfires
  A fungus (Lair:1)
  A plant (Lair:1)
286 creatures vanquished.

Grand Total: 566 creatures vanquished

Notes
Turn   | Place    | Note
-------+----------+-------------------------------------------
     0 | D:1      | buskinjo the Octopode Fire Elementalist began the quest for
                  | the Orb.
     0 | D:1      | Reached XP level 1. HP: 11/11 MP: 3/3
   177 | D:1      | Reached XP level 2. HP: 17/17 MP: 0/5
   582 | D:1      | Reached XP level 3. HP: 20/21 MP: 2/6
  2015 | D:2      | Found a hazy altar of Hepliaklqana.
  2016 | D:2      | Found a glowing golden altar of the Shining One.
  2122 | D:2      | Reached XP level 4. HP: 27/27 MP: 7/7
  2668 | D:3      | Found an iron altar of Okawaru.
  2694 | D:3      | Learned a level 4 spell: Sticky Flame
  2848 | D:3      | Reached XP level 5. HP: 31/31 MP: 2/8
  3103 | D:3      | Found an opulent altar of Gozag.
  3137 | D:3      | Became a worshipper of Gozag Ym Sagoz the Greedy
  3169 | D:3      | Found a bloodstained altar of Trog.
  3349 | D:3      | Found a faded altar of an unknown god.
  3984 | D:4      | Noticed an ogre
  3992 | D:4      | Killed an ogre
  3992 | D:4      | Reached XP level 6. HP: 36/36 MP: 1/9
  4106 | D:4      | Noticed Menkaure
  4136 | D:4      | Reached skill level 5 in Conjurations
  4136 | D:4      | Reached skill level 5 in Fire Magic
  4258 | D:4      | Noticed Sigmund
  4279 | D:4      | You fall into a shaft and drop 1 floor!
  4279 | D:5      | Entered Level 5 of the Dungeon
  4431 | D:5      | Reached XP level 7. HP: 27/41 MP: 5/10
  4441 | D:5      | Found a sparkling altar of Nemelex Xobeh.
  4571 | D:4      | Found a snail-covered altar of Cheibriados.
  4610 | D:4      | Found a staircase to the Ecumenical Temple.
  4712 | D:4      | Killed Sigmund
  4948 | D:4      | Killed Menkaure
  5056 | D:5      | Found Kepic Udetuh's Weapon Boutique.
  5089 | D:5      | Reached XP level 8. HP: 31/46 MP: 6/11
  6523 | D:6      | Reached skill level 1 in Fighting
  6614 | D:6      | Found a white marble altar of Elyvilon.
  6626 | D:6      | Reached skill level 5 in Stealth
  6627 | D:6      | Noticed Prince Ribbit
  6652 | D:6      | Killed Prince Ribbit
  6729 | D:6      | Reached XP level 9. HP: 57/57 MP: 7/12
  7294 | D:7      | Learned a level 5 spell: Fireball
  8045 | D:8      | Found a radiant altar of Vehumet.
  8102 | D:8      | Found a sacrificial altar of Ru.
  8202 | D:8      | Noticed Erica
  8222 | D:8      | Killed Erica
  8415 | D:8      | Reached XP level 10. HP: 63/63 MP: 13/13
  8699 | D:8      | Found a glowing silver altar of Zin.
  8699 | D:8      | Found a hide-covered altar of Uskayaw.
  8994 | D:9      | Noticed Pikel
  9017 | D:9      | Killed Pikel
  9128 | D:9      | Found a basalt altar of Yredelemnul.
  9286 | D:9      | Noticed Harold
  9370 | D:9      | Killed Harold
  9836 | D:9      | Reached skill level 10 in Conjurations
  9836 | D:9      | Reached skill level 10 in Fire Magic
 10857 | D:10     | Entered Level 10 of the Dungeon
 11087 | D:10     | Found a staircase to the Lair.
 11194 | D:10     | You fall into a shaft and drop 1 floor!
 11344 | D:11     | Found a runed translucent gate.
 11344 | D:11     | Found a runed translucent gate.
 11344 | D:11     | Found a runed translucent gate.
 11345 | D:11     | Found an opulent altar of Gozag.
 11346 | D:11     | Noticed Aliaxzyxt's ghost (journeyman DrCj)
 11347 | D:11     | Noticed a two-headed ogre
 11433 | D:11     | Reached skill level 5 in Spellcasting
 11434 | D:11     | Found Teliojyc's Armour Shoppe.
 11540 | D:11     | Reached XP level 11. HP: 46/69 MP: 7/19
 11796 | D:10     | Found Liraqe's Gadget Emporium.
 11806 | D:10     | Bought a wand of iceblast (6) for 150 gold pieces
 11806 | D:10     | Bought a wand of paralysis (6) for 120 gold pieces
 11806 | D:10     | Bought a wand of paralysis (8) for 150 gold pieces
 11806 | D:10     | Bought a box of beasts for 300 gold pieces
 11806 | D:10     | Bought a phial of floods for 600 gold pieces
 11968 | D:10     | Reached skill level 1 in Evocations
 12268 | D:11     | Noticed a two-headed ogre
 12280 | D:11     | Killed a two-headed ogre
 12443 | D:11     | Noticed a skeletal warrior
 12445 | D:11     | Noticed a skeletal warrior
 12589 | D:11     | Got a jewelled short sword
 12608 | D:11     | Noticed a centaur warrior
 12614 | D:11     | Identified the cursed +0 short sword "Mereto" {vorpal,
                  | Stlth+} (You found it on level 11 of the Dungeon)
 12835 | D:11     | You fall into a shaft and drop 1 floor!
 12952 | D:11     | Noticed a skeletal warrior
 12965 | D:11     | Killed a skeletal warrior
 13153 | D:11     | Killed a skeletal warrior
 13153 | D:11     | Reached skill level 5 in Evocations
 13173 | D:11     | Killed a skeletal warrior
 13572 | D:11     | Found a staircase to the Orcish Mines.
 13836 | D:12     | Noticed Azrael
 13939 | Lair:1   | Entered Level 1 of the Lair of Beasts
 13949 | Lair:1   | Reached skill level 1 in Maces & Flails
 14816 | Lair:1   | Noticed an oklob plant
 14822 | Lair:1   | Noticed a four-headed hydra
 14825 | Lair:1   | Killed an oklob plant
 14825 | Lair:1   | Reached XP level 12. HP: 23/74 MP: 9/23
 14882 | Lair:1   | Slain by a four-headed hydra

Illustrated notes

Levels and vault maps discovered:
D:1:      sevenhm_arrival_forest_fort_large_4, layout_basic
D:2:      layout_basic, gammafunk_temple_overflow_pools
D:3:      layout_loops_ring, lemuel_coloured_pillars_altar,
          nicolae_gozag_cash_rules_everything_around_me, okawaru_trees_2,
          chequers_ecumenical_altar_simple_redux, grunt_ministairs_1,
          minmay_misc_feat_encased
D:4:      layout_rooms, cheibriados_altar_1, minmay_temple_entry_poolview,
          first_ration, uniq_sigmund, uniq_menkaure, uniq_robin
D:5:      layout_cave_pods, kennysheep_mini_moat, serial_shops, shop,
          minmay_misc_feat_square
D:6:      minmay_angry_zag, layout_basic, elyvilon_altar_1,
          nrook_mini_backslash, kennysheep_generic_room_14, uniq_prince_ribbit1
D:7:      layout_rooms
D:8:      layout_loops_ring, old_standard_altar, lemuel_doored_altar,
          minitemple, dk_rats_in_the_wall, uniq_erica
D:9:      layout_long_grid, lemuel_crystal_altar, kennysheep_flooded_box,
          uniq_harold, uniq_pikel
D:10:     layout_roguey, lair_entry_dummy, serial_shops, shop_statue
D:11:     layout_loops_corners, hiddenorc1_lemuel, serial_shops,
          nicolae_shop_trees, ebering_ghost_gozag
D:12:     layout_irregular_city, uniq_azrael
Lair:1:   layout_loops_ring, minmay_lair_oklob_chamber

Skill      XL: |  1  2  3  4  5  6  7  8  9 10 11 |
---------------+----------------------------------+-----
Conjurations   | 2 3 4 5 6 7 8 10 | 10.1
Fire Magic     | 4 5 6 7 8 10 | 10.1
Stealth        | 3 6 7 |  7.5
Fighting       | 3 4 |  4.1
Spellcasting   | 5 7 |  7.3
Evocations     | 6 |  6.4
Maces & Flails | 4 |  4.1
Dodging        | 4 |  4.3

Action                   |  1- 3 |  4- 6 |  7- 9 | 10-12 || total
-------------------------+-------+-------+-------+-------++-------
Melee: Club              |    60 |    60 |       |       ||   120
       Constrict         |    21 |    19 |    35 |    43 ||   118
       Tentacles         |    18 |    12 |    30 |    31 ||    91
       Hand axe          |       |    23 |    72 |       ||    95
       Long sword        |       |       |    28 |     5 ||    33
       Whip              |       |       |       |   187 ||   187
Throw: Stone             |       |       |       |     1 ||     1
 Cast: Foxfire           |    27 |    41 |    56 |    52 ||   176
       Sticky Flame      |       |     1 |    12 |    47 ||    60
       Fireball          |       |       |     1 |    26 ||    27
Evoke: Wand              |       |       |     1 |     4 ||     5
  Use: Scroll            |       |     7 |    11 |    19 ||    37
 Stab: Sleeping          |    13 |     7 |    13 |     8 ||    41
       Distracted        |       |       |     1 |     3 ||     4
  Eat: Ration            |     1 |     2 |     4 |     6 ||    13
Armor: Skin              |    11 |    17 |    28 |    49 ||   105
Dodge: Dodged            |    52 |    76 |    82 |   170 ||   380
       Rpst.: Long sword |       |       |     8 |     1 ||     9

Table legend:
 A = Non-vault XP
 B = Vault XP
 C = Vault XP percentage of total XP
 D = Non-vault monster count
 E = Vault monster count
 F = Vault count percentage of total count
                 A         B        C        D         E       F
            +---------+---------+-------+---------+---------+-------
      Total |   14725 |    4191 |  22.2 |     248 |      29 |  10.5
            +---------+---------+-------+---------+---------+-------
        D:1 |      45 |       0 |   0.0 |      23 |       0 |   0.0
        D:2 |      45 |       0 |   0.0 |      21 |       0 |   0.0
        D:3 |     158 |       4 |   2.5 |      27 |       2 |   6.9
        D:4 |     372 |     389 |  51.1 |      12 |       2 |  14.3
        D:5 |     564 |       0 |   0.0 |      17 |       0 |   0.0
        D:6 |     688 |     393 |  36.4 |      28 |       4 |  12.5
        D:7 |     664 |       0 |   0.0 |      11 |       0 |   0.0
        D:8 |     478 |     955 |  66.6 |      12 |       1 |   7.7
        D:9 |    1219 |    1638 |  57.3 |      28 |       2 |   6.7
       D:10 |     909 |       0 |   0.0 |      14 |       0 |   0.0
       D:11 |    6300 |     255 |   3.9 |      41 |      17 |  29.3
     Lair:1 |    3283 |     557 |  14.5 |      14 |       1 |   6.7
            +---------+---------+-------+---------+---------+-------
